 Dungeon Crawl Stone Soup version 0.23.2-1-ga50397a6bc (webtiles) character file.

Game seed: 2601382873773576897

736 Jaijje the Shield-Bearer (level 8, -6/61 HPs)
             Began as a Formicid Fighter on May 21, 2019.
             Mangled by an ogre
             ... wielding a +0 giant club
              (21 damage)
             ... on level 5 of the Dungeon.
             The game lasted 00:06:48 (3469 turns).

Jaijje the Shield-Bearer (Formicid Fighter)         Turns: 3469, Time: 00:06:49

Health: -6/61      AC:  8    Str: 26    XL:     8   Next: 4%
Magic:  8/8        EV:  9    Int:  7    God:
Gold:   241        SH: 11    Dex: 10    Spells: 7/7 levels left

rFire    . . .     SeeInvis +   a - +0 war axe
rCold    . . .     Gourm    .   c - +0 shield
rNeg     . . .     Faith    .   b - +0 scale mail
rPois    .         Spirit   .   (helmet unavailable)
rElec    .         Reflect  .   (no cloak)
rCorr    .         Harm     .   n - +0 pair of gloves
MR       .....                  (no boots)
Stlth    ..........             (no amulet)
HPRegen  0.20/turn              m - -2 ring of intelligence
MPRegen  0.11/turn              q - +4 ring of strength

@: lethally poisoned (-6 -> -8)
A: permanent stasis, dig shafts and tunnels, four strong arms, antennae 3
a: Dig, Shaft Self


You were on level 5 of the Dungeon.
You were hungry.

You visited 1 branch of the dungeon, and saw 5 of its levels.

You collected 241 gold pieces.

Inventory:

Hand Weapons
 a - a +0 war axe (weapon)
Armour
 b - a +0 scale mail (worn)
 c - a +0 shield (worn)
 n - a +0 pair of gloves (worn)
Jewellery
 m - a -2 ring of intelligence (left hand)
 q - a +4 ring of strength (right hand)
Scrolls
 e - 4 scrolls of identify
 h - 2 scrolls of teleportation
 k - 2 scrolls of fog
 l - 3 scrolls of remove curse
Potions
 d - 2 potions of might
 g - 4 potions of curing
 i - 3 potions of cancellation
 j - a potion of brilliance
 o - a potion of haste
 r - a potion of agility
Comestibles
 f - 9 rations


   Skills:
 + Level 4.9 Fighting
 * Level 5.1 Axes
 + Level 4.9 Armour
 * Level 6.8 Shields


You had 7 spell levels left.
You didn't know any spells.
Your spell library was empty.

Dungeon Overview and Level Annotations

Branches:
Dungeon (5/15)
 Temple: D:4-7

Altars:


Innate Abilities, Weirdness & Mutations

You cannot be hasted, slowed, berserked, paralysed or teleported.
You can dig through walls and to a lower floor.
Your four strong arms can wield two-handed weapons with a shield.
You have a pair of large antennae on your head. (SInv)


Message History

You block the ogre's attack.
You hit the ogre.
The ogre is moderately wounded.
You feel sick. The ogre hits you with a +0 giant club!
You hit the ogre.
The ogre is heavily wounded.
You feel sick. You block the ogre's attack.
You hit the ogre.
The ogre is heavily wounded.
You feel sick. You block the ogre's attack.
You hit the ogre.
The ogre is severely wounded.
The ogre hits you with a +0 giant club!!
* * * LOW HITPOINT WARNING * * *
You are too injured to fight recklessly!
You hit the ogre.
The ogre is severely wounded.
You feel sick.
The ogre hits you with a +0 giant club!!
You die...

*,,,, *,,,,
##########********,,,,
#>........,,,,,,,,,,,,
#.###########*********
########.# *,,....,,,*
#<.......# *,.....,,,*
########.#####......,,,******
#...$@O?.....,,,,,,,,,
#######......,,,******
*,.....,,,* *,,.?..,,,******
****###,,,,,,,,, *,,,,,,,,,
*,,,,,,,,, *,,,,,,,,,
*,,,,,,,,,


You could see an ogre.

Vanquished Creatures
  Sigmund (D:3)
  2 ogres
  2 hounds (D:4)
  5 orc wizards (D:4)
  An iguana (D:4)
  A worker ant (D:5)
  Robin (D:2)
  4 adders
  2 oozes (D:2)
  3 worms
  2 dart slugs
  3 leopard geckos
  9 orcs
  2 ball pythons
  3 giant cockroaches
  12 goblins
  5 hobgoblins
  3 jackals (D:4)
  6 kobolds
  4 quokkas
  12 bats
  7 frilled lizards
  A quokka skeleton (D:4)
  4 rats
95 creatures vanquished.

Notes
Turn   | Place    | Note
-------+----------+-------------------------------------------
     0 | D:1      | Jaijje the Formicid Fighter began the quest for the Orb.
     0 | D:1      | Reached XP level 1. HP: 18/18 MP: 1/1
   162 | D:1      | Reached XP level 2. HP: 24/24 MP: 2/2
   298 | D:1      | Reached skill level 4 in Shields
   459 | D:2      | Reached XP level 3. HP: 29/29 MP: 3/3
   514 | D:2      | Reached XP level 4. HP: 19/36 MP: 4/4
   981 | D:2      | Noticed Robin
  1005 | D:2      | Killed Robin
  1339 | D:2      | Reached XP level 5. HP: 42/42 MP: 5/5
  1812 | D:3      | Noticed Sigmund
  1823 | D:3      | Killed Sigmund
  1823 | D:3      | Reached skill level 5 in Shields
  1823 | D:3      | Reached XP level 6. HP: 29/48 MP: 6/6
  2075 | D:3      | Noticed an ogre
  2080 | D:3      | Killed an ogre
  2080 | D:3      | Reached XP level 7. HP: 55/55 MP: 7/7
  2528 | D:4      | Reached skill level 6 in Shields
  3300 | D:4      | Reached skill level 5 in Axes
  3300 | D:4      | Reached XP level 8. HP: 61/61 MP: 8/8
  3433 | D:5      | Entered Level 5 of the Dungeon
  3469 | D:5      | Mangled by an ogre

Skill      XL: |  1  2  3  4  5  6  7 |
---------------+----------------------+-----
Shields        | 4 5 6 |  6.8
Axes           | 3 4 5 |  5.1
Fighting       | 4 |  4.9
Armour         | 4 |  4.9

Action                   |  1- 3 |  4- 6 |  7- 9 || total
-------------------------+-------+-------+-------++-------
Melee: War axe           |    70 |   127 |   111 ||   308
  Use: Scroll            |       |       |    11 ||    11
  Eat: Chunk             |       |     4 |     4 ||     8
Armor: Scale mail        |    46 |    66 |    33 ||   145
Dodge: Dodged            |    24 |    50 |    27 ||   101
Block: Shield            |    46 |    74 |    53 ||   173
